 Dungeon Crawl Stone Soup version 0.28-a0-938-gbc3f381ebc (webtiles) character file.

Game seed: 166748897969764431

310 bande the Covered (level 6, -2/38 HPs)
             Began as a Gargoyle Fighter on Nov 28, 2021.
             Killed from afar by an orc wizard (7 damage)
             ... with a magic dart
             ... on level 3 of the Dungeon.
             The game lasted 00:05:24 (2612 turns).

bande the Covered (Gargoyle Fighter)                Turns: 2612, Time: 00:05:25

Health: -2/38      AC: 12    Str: 20    XL:     6   Next: 41%
Magic:  6/6        EV:  5    Int:  9    God:
Gold:   50         SH:  0    Dex: 10    Spells: 5/5 levels left

rFire   . . .      SeeInvis .   a - +0 war axe
rCold   . . .      Faith    .   h - +1 tower shield {reflect}
rNeg    + . .      Spirit   .   b - +0 scale mail
rPois   ∞          Reflect  +   (no helmet)
rElec   +          Harm     .   (no cloak)
rCorr   .          Rampage  .   (no gloves)
Will    .....                   g - +0 pair of boots
Stlth   ..........              (no amulet)
HPRegen 0.12/turn               (no ring)
MPRegen 0.10/turn               (no ring)

@: confused, mighty
A: sickness immunity, AC +4, negative energy resistance 1, electricity
resistance, torment resistance 1, petrification resistance
a: no special abilities


You were on level 3 of the Dungeon.
You visited 1 branch of the dungeon, and saw 3 of its levels.

You collected 50 gold pieces.

Inventory:

Hand Weapons
 a - a +0 war axe (weapon)
 c - a +0 flail
Armour
 b - a +0 scale mail (worn)
 g - a +0 pair of boots (worn)
 h - a +1 tower shield of reflection (worn)
Scrolls
 f - 2 scrolls of identify
Potions
 e - 2 potions of haste


   Skills:
 + Level 4.3 Fighting
 + Level 4.4 Axes
 + Level 4.5 Armour
 + Level 4.0 Shields


You had 5 spell levels left.
You didn't know any spells.
Your spell library contained the following spells:

 Spells                   Type           Power      Damage    Failure   Level
 Frozen Ramparts          Ice            0%         1d2       100%        3
 Ice Form                 Ice/Tmut       0%         N/A       100%        4
 Summon Ice Beast         Ice/Summ       0%         N/A       100%        4


Dungeon Overview and Level Annotations

Branches:
Dungeon (3/15)

Altars:


Innate Abilities, Weirdness & Mutations

You are immune to sickness and miasma.
Your stone body is resilient. (AC +4)
You are immune to poison.
You resist negative energy. (rN+)
You are resistant to electric shocks. (rElec)
You are resistant to unholy torment.
You are immune to petrification.


Message History

The magic dart hits you.
* * * LOW HITPOINT WARNING * * *
You feel very mighty all of a sudden. Something hits you but does no damage.
You miss something. Something hits you but does no damage. Something hits you.
* * * LOW HITPOINT WARNING * * *
You miss something.
You hear some strange, mumbled words.
Something tries to affect you, but you resist.
You hear some strange, mumbled words.
Something tries to affect you, but you resist.
You closely miss something. You block something's attack.
You miss something.
Something hits you but does no damage. x2
You barely miss something. Something hits you.
* * * LOW HITPOINT WARNING * * *
Something hits you but does no damage.
You closely miss something.
Something hits you but does no damage. x2
Unknown command.
You miss something. You block something's attack.
You slash something! Something hits you but does no damage. Something hits you.
* * * LOW HITPOINT WARNING * * *
You barely miss something.
Something hits you but does no damage. x2
You closely miss something.
You hear some strange, mumbled words.
You are confused.
You miss something.
An orc wizard appears from thin air!
Reactivating autopickup.
The orc wizard gestures at you while chanting.
The magic dart hits you.
* * * LOW HITPOINT WARNING * * *
The orc wizard casts a spell at you. You resist with some effort.
You miss the orc wizard.
The orc wizard is almost dead.
The orc wizard hits you but does no damage. x2
You closely miss the orc wizard.
The orc wizard is almost dead.
The orc wizard gestures at you while chanting.
The magic dart hits you!
You die...

.......)#............
.......†.............
..........#.>........
$.......#............
..........#.......!##
##.........=........
#######..#..######.
#..##o######.
##...@.[....#
#.............
#.....##....#. #.....
.....♣ ....... ......
#...... ####P ##.....
#.....


You could see an orc wizard.

Vanquished Creatures
  Sigmund (D:2)
  An orc priest (D:2)
  2 orc wizards
  A hound skeleton (D:2)
  3 adders (D:2)
  A worm (D:2)
  A dart slug (D:2)
  4 orcs
  6 ball pythons
  3 endoplasms
  3 hobgoblins
  2 bats (D:2)
  3 frilled lizards
  4 goblins
  2 kobolds (D:2)
  4 rats
41 creatures vanquished.

Vanquished Creatures (others)
  A kobold (D:3)
  2 plants (D:3)
3 creatures vanquished.

Grand Total: 44 creatures vanquished

Notes
Turn   | Place    | Note
-------+----------+-------------------------------------------
     0 | D:1      | bande the Gargoyle Fighter began the quest for the Orb.
     0 | D:1      | Reached XP level 1. HP: 14/14 MP: 1/1
   223 | D:1      | Reached XP level 2. HP: 19/19 MP: 2/2
   258 | D:1      | Found a faded altar of an unknown god.
   780 | D:2      | Reached XP level 3. HP: 21/23 MP: 3/3
  1167 | D:2      | Reached XP level 4. HP: 29/29 MP: 4/4
  1269 | D:2      | Noticed Sigmund
  1280 | D:2      | Killed Sigmund
  1281 | D:2      | Reached XP level 5. HP: 21/33 MP: 5/5
  1771 | D:2      | Reached XP level 6. HP: 38/38 MP: 6/6
  2612 | D:3      | Killed from afar by an orc wizard

Illustrated notes

Levels and vault maps discovered:
D:1:      dpeg_arrival_tiny_i, layout_loops_ring, basic_ecumenical_altar
D:2:      layout_loops_ring, minmay_tetromino_l2, uniq_sigmund
D:3:      minmay_angry_zag, layout_rooms, serial_forest,
          infiniplex_forest_clump_double, infiniplex_forest_fountain,
          infiniplex_forest_end_2, infiniplex_forest_clump_medium,
          infiniplex_forest_pool, infiniplex_forest_end_double

Skill      XL: |  1  2  3  4  5  6 |
---------------+-------------------+-----
Axes           | 2 4 |  4.4
Fighting       | 4 |  4.3
Armour         | 4 |  4.5
Shields        | 4 |  4.0

Action                   |  1- 3 |  4- 6 || total
-------------------------+-------+-------++-------
Melee: War axe           |    80 |   106 ||   186
  Use: Scroll            |     3 |       ||     3
       Potion            |       |     2 ||     2
Armor: Scale mail        |    45 |    95 ||   140
Dodge: Dodged            |    41 |    17 ||    58
Block: Buckler           |    13 |     2 ||    15
       Tower shield      |       |    44 ||    44
       Reflection        |       |     4 ||     4

Table legend: (Time is in decaauts)
 A = Elapsed time spent in this place.
 B = Non-inter-level travel time spent in this place.
 C = Inter-level travel time spent in this place.
 D = Time resting spent in this place.
 E = Time spent auto-exploring this place.
 F = Levels seen in this place.
 G = Mean time per level.
                   A        B        C        D        E       F      G
               +--------+--------+--------+--------+--------+-----+--------+
         Total |   2719 |   2676 |     43 |    814 |   1186 |   3 |  906.3 |
       Dungeon |   2719 |   2676 |     43 |    814 |   1186 |   3 |  906.3 |
               +--------+--------+--------+--------+--------+-----+--------+

Top non-repeatable levels by time:
     D:2: 1994 daAuts
     D:1: 504 daAuts
     D:3: 220 daAuts
